 Dungeon Crawl Stone Soup version 0.19.3-4-gbf9329e (console) character file.

4115 Kloppie the Cleaver (level 10, 0/79 HPs)
             Began as a Formicid Fighter on Jan 26, 2017.
             Was a Follower of Ru.
             Killed from afar by a smoke demon (17 damage)
             ... with a ball of steam
             ... summoned by an orc sorcerer
             ... in a bailey.
             The game lasted 00:13:10 (6487 turns).

Kloppie the Cleaver (Formicid Fighter)              Turns: 6487, Time: 00:13:10

Health: 0/79       AC: 18    Str: 18 (21) XL:     10   Next: 51%
Magic:  10/10      EV:  8    Int:  3 (6)  God:    Ru [*.....]
Gold:   143        SH: 11    Dex: 10 (11) Spells: 0 memorised, 9 levels left

rFire  . . .     SeeInvis +     a - +0 war axe
rCold  . . .     Gourm    .     m - +0 plate armour
rNeg   + . .     Faith    .     s - +0 shield {rPois}
rPois  +         Spirit   .     (helmet unavailable)
rElec  .         Reflect  .     t - +2 cloak of Twilight {rN+}
rCorr  +         Harm     .     (no gloves)
MR     +....                    e - +1 pair of boots
Stlth  ..........               (no amulet)
                                o - +3 ring of evasion
                                j - ring of resist corrosion

@: no status effects
A: permanent stasis, dig shafts and tunnels, four strong arms, antennae 3,
talons 1, clumsy 1, dopey 1, missing an eye
a: Dig, Shaft Self, Renounce Religion


You were in a bailey.
You worshipped Ru.
Ru was aware of your devotion.
You were not hungry.

You visited 2 branches of the dungeon, and saw 10 of its levels.
You also visited: Bailey.

You collected 553 gold pieces.
You spent 410 gold pieces at shops.

Inventory:

Hand Weapons
 a - a +0 war axe (weapon)
Armour
 e - a +1 pair of boots (worn)
 m - a +0 plate armour (worn)
 s - a +0 shield of poison resistance (worn)
 t - the +2 cloak of Twilight (worn) {rN+}
   (You bought it in a shop on level 7 of the Dungeon)

   It protects you from negative energy.
Jewellery
 j - a ring of resist corrosion (left hand)
 o - a +3 ring of evasion (right hand)
Wands
 l - a wand of iceblast (9/15)
Scrolls
 b - 5 scrolls of identify
 g - a scroll of amnesia
 h - a scroll of noise
 k - 3 scrolls of remove curse
Potions
 p - a potion of brilliance
Books
 c - a book of Clouds

   Spells                             Type                      Level
   a - Mephitic Cloud                 Conjuration/Poison/Air       3
   b - Conjure Flame                  Conjuration/Fire             3
   c - Poisonous Cloud                Conjuration/Poison/Air       6
   d - Freezing Cloud                 Conjuration/Ice/Air          6
   e - Ring of Flames                 Charms/Fire                  7
 r - a book of Enchantments

   Spells                             Type                      Level
   a - Cause Fear                     Hexes                        4
   b - Yara's Violent Unravelling     Hexes/Transmutation          5
   c - Silence                        Hexes/Air                    5
   d - Deflect Missiles               Charms/Air                   6
   e - Discord                        Hexes                        8
Comestibles
 f - 9 bread rations
 i - 2 meat rations
 n - a beef jerky
 q - 19 chunks of flesh


   Skills:
 + Level 7.1 Fighting
 - Level 13.1 Axes
 - Level 6.2 Armour
 - Level 9.0 Shields


You had 9 spell levels left.
You didn't know any spells.

Dungeon Overview and Level Annotations

Branches:
Dungeon (9/15)             Temple (1/1) D:5            Lair (0/6) D:9
    Orc: D:9-12

Altars:
Ashenzari
Cheibriados
Dithmenos
Elyvilon
Fedhas
Gozag
Hepliaklqana
Kikubaaqudgha
Makhleb
Nemelex Xobeh
Okawaru
Qazlal
Ru
Trog
Uskayaw
Vehumet
Xom
Yredelemnul
Zin
The Shining One

Shops:
D:7 [

Annotations:
D:3 Grinder


Innate Abilities, Weirdness & Mutations

You are under a permanent stasis effect.
You can dig through walls and to a lower floor.
Your four strong arms can wield two-handed weapons with a shield.
You have a pair of large antennae on your head. (SInv)
You are missing an eye, making it more difficult to aim.
You have sharp toenails.
You are clumsy. (Dex -2)
You are dopey. (Int -2)


Message History

The orc sorcerer gestures wildly while chanting.
You barely miss the orc high priest.
The orc high priest is lightly wounded.
You miss the goblin. You hit the orc sorcerer. The goblin barely misses you.
You block the orc high priest's attack. You block the orc sorcerer's attack.
You hit the orc high priest.
The orc high priest is lightly wounded.
You miss the goblin. You miss the orc sorcerer.
The smoke demon gestures at you. You block the sticky flame.
You block the goblin's attack. You block the orc high priest's attack.
The orc sorcerer gestures at you while chanting.
The bolt of fire hits you!
* * * LOW HITPOINT WARNING * * *
You closely miss the orc high priest.
The orc high priest is lightly wounded.
You hit the orc sorcerer. You miss the goblin. The smoke demon gestures at you.
The ball of steam hits you!
You die...

#### {{ )..#
{{ )..
{{#########
##+#........
+........_..
#38ogo......
#.§§@)......
#.8.########
#.....#######
#.8...#.....#
#.....#.....#
####..#..⌠..#
#..'.....+
#..')))..+ {
#####')'#####


You could see an orc high priest, a smoke demon, an orc sorcerer and a goblin.

Vanquished Creatures
  The ghost of Kloppie the Blocker, a novice FoFi of Ru (D:7)
  Sigmund (D:3)
  The ghost of Kloppie the Shield-Bearer, an amateur FoFi (D:3)
  A hungry ghost (D:8)
  2 sky beasts
  2 orc warriors
  5 ogres
  A phantom (D:8)
  2 centaurs
  2 bullfrogs (D:7)
  A scorpion (D:8)
  5 killer bees (D:8)
  A howler monkey (D:8)
  2 crimson imps (D:7)
  A bullfrog skeleton (D:6)
  5 hounds
  2 jellies
  2 orc priests
  9 orc wizards
  An iguana (D:5)
  4 worker ants
  A hound skeleton (D:4)
  A worker ant zombie (D:5)
  5 adders
  8 gnolls
  A shadow imp (D:8)
  3 oozes
  An adder zombie (D:6)
  6 worms
  A dart slug (D:2)
  4 leopard geckos
  26 orcs
  4 giant cockroaches
  22 goblins
  6 hobgoblins
  14 jackals
  4 quokkas
  2 ball pythons
  7 bats
  2 frilled lizards
  6 kobolds
  6 rats
181 creatures vanquished.

Vanquished Creatures (collateral kills)
  A sky beast (D:6)
  An adder zombie (D:6)
2 creatures vanquished.

Grand Total: 183 creatures vanquished

Notes
Turn   | Place    | Note
-------+----------+-------------------------------------------
     0 | D:1      | Kloppie the Formicid Fighter began the quest for the Orb.
     0 | D:1      | Reached XP level 1. HP: 18/18 MP: 1/1
   102 | D:1      | Reached XP level 2. HP: 24/24 MP: 2/2
   652 | D:2      | Reached XP level 3. HP: 29/29 MP: 3/3
   736 | D:2      | Found a snail-covered altar of Cheibriados.
   894 | D:2      | Reached skill level 5 in Shields
  1034 | D:2      | Reached XP level 4. HP: 35/35 MP: 4/4
  1380 | D:3      | Reached skill level 3 in Axes
  1380 | D:3      | Reached XP level 5. HP: 36/41 MP: 5/5
  1527 | D:3      | Noticed Kloppie's ghost (amateur FoFi)
  1537 | D:3      | Killed Kloppie's ghost
  1537 | D:3      | Reached XP level 6. HP: 41/47 MP: 6/6
  1579 | D:3      | Found a shimmering altar of Xom.
  1585 | D:3      | Noticed Sigmund
  1795 | D:3      | Killed Sigmund
  1795 | D:3      | Reached skill level 4 in Axes
  1795 | D:3      | Reached XP level 7. HP: 42/52 MP: 7/7
  1979 | D:3      | Noticed Grinder
  2494 | D:4      | Reached skill level 13 in Axes
  2494 | D:4      | Reached XP level 8. HP: 58/58 MP: 8/8
  2856 | D:5      | Entered Level 5 of the Dungeon
  3141 | D:5      | Found a staircase to the Ecumenical Temple.
  3148 | Temple   | Entered the Ecumenical Temple
  3392 | Temple   | Became a worshipper of Ru the Awakened
  3526 | D:5      | Gained mutation: Your spells are a little easier to cast, but a little less powerful. [potion of mutation]
  3526 | D:5      | Lost mutation: Your spells are a little easier to cast, but a little less powerful. [potion of mutation]
  3526 | D:5      | Gained mutation: You have sharp toenails. [potion of mutation]
  3551 | D:6      | Reached XP level 9. HP: 63/64 MP: 9/9
  4183 | D:7      | Noticed Kloppie's ghost (novice FoFi)
  4222 | D:7      | Killed Kloppie's ghost
  4413 | D:7      | Reached skill level 5 in Fighting
  4420 | D:7      | Reached skill level 5 in Armour
  4511 | D:7      | Reached XP level 10. HP: 74/74 MP: 10/10
  4550 | D:7      | Found a white marble altar of Elyvilon.
  4663 | D:7      | Found Res Raerr's Armour Boutique.
  4671 | D:7      | Bought a +0 shield of poison resistance for 102 gold pieces
  4671 | D:7      | Bought the +2 cloak of Twilight {rN+} for 308 gold pieces
  4918 | D:7      | Gained mutation: You are missing an eye, making it more difficult to aim. [Ru sacrifice]
  4918 | D:7      | Reached * piety under Ru
  6108 | D:8      | Gained mutation: Your spells are a little easier to cast, but a little less powerful. [mutagenic meat]
  6109 | D:8      | Gained mutation: You are dopey. (Int -2) [mutagenic meat]
  6110 | D:8      | Gained mutation: You are clumsy. (Dex -2) [mutagenic meat]
  6111 | D:8      | Lost mutation: Your spells are a little easier to cast, but a little less powerful. [mutagenic meat]
  6390 | D:9      | Found a flagged portal.
  6423 | Bailey   | Entered a bailey
  6477 | Bailey   | Found an iron altar of Okawaru.
  6477 | Bailey   | Noticed an orc sorcerer
  6477 | Bailey   | Noticed an orc high priest
  6485 | Bailey   | Noticed a smoke demon
  6487 | Bailey   | Killed from afar by a smoke demon

Skill      XL: |  1  2  3  4  5  6  7  8  9 10 |
---------------+-------------------------------+-----
Shields        | 4 5 7 8 9 |  9.0
Axes           | 3 4 13 | 13.1
Fighting       | 5 7 |  7.1
Armour         | 5 6 |  6.2

Action                   |  1- 3 |  4- 6 |  7- 9 | 10-12 || total
-------------------------+-------+-------+-------+-------++-------
Melee: War axe           |   119 |   103 |   261 |   377 ||   860
Invok: Sacrifice an Eye  |       |       |       |     1 ||     1
  Use: Potion            |       |     1 |     9 |     3 ||    13
       Scroll            |       |       |     9 |     2 ||    11
 Stab: Distracted        |       |       |       |     1 ||     1
  Eat: Chunk             |     1 |     2 |     9 |     7 ||    19
       Meat ration       |       |       |       |     2 ||     2
       Beef jerky        |       |       |       |     2 ||     2
Armor: Scale mail        |    61 |    39 |       |       ||   100
       Chain mail        |       |    17 |    18 |       ||    35
       Plate armour      |       |       |    56 |   138 ||   194
Dodge: Dodged            |    44 |    48 |    38 |    96 ||   226
Block: Shield            |    60 |    64 |   122 |   191 ||   437
